[Event "ICC tourney 2047 (75 10)"]
[Site "Internet Chess Club"]
[Date "2020.10.10"]
[Round "2"]
[White "FlowingMelody"]
[Black "madrigal"]
[Result "0-1"]
[ICCResult "White checkmated"]
[WhiteElo "1320"]
[BlackElo "1592"]
[Opening "Sicilian: Najdorf, Opocensky variation"]
[ECO "B92"]
[NIC "SI.11"]
[Time "11:02:25"]
[TimeControl "4500+10"]

1. e4 c5 2. Nf3 d6 3. d4 cxd4 4. Nxd4 Nf6 5. Nc3 a6 6. Be2 e5 7. Nb3 Be7 8.
O-O Be6 9. Be3 Nbd7 10. a4 O-O 11. Qd2 Rc8 12. a5 Qc7 13. f3 h5 14. Qe1 Bc4
15. Bxc4 Qxc4 16. Qg3 Rfd8 17. Rfd1 Qe6 18. Rd2 Bf8 19. Rad1 Qe7 20. Rxd6
Qxd6 21. Rxd6 Bxd6 22. Bh6 Bf8 23. Bg5 Be7 24. Qf2 Rc4 25. Qe2 Rdc8 26. Nd2
Rb4 27. Nb3 Bc5+ 28. Nxc5 Rxc5 29. Nd1 Rc6 30. Qd2 Rd4 31. Qe2 Rcd6 32. Nc3
Rb4 33. Bxf6 Nxf6 34. b3 Rbd4 35. Nd5 Nxd5 36. exd5 R6xd5 37. h3 h4 38. c3
Rd1+ 39. Kh2 R1d2 40. Qc4 g5 41. Qc8+ Kg7 42. Qg4 f6 43. Qb4 Rd7 44. Qe4 Rd1
45. c4 Ra1 46. b4 Rdd1 47. Qxb7+ Kh6 48. Qh7+ Kxh7 49. g4 Ra2#
{White checkmated}
0-1

[Event "ICC tourney 2047 (75 10)"]
[Site "Internet Chess Club"]
[Date "2020.10.10"]
[Round "2"]
[White "WallyCleaver"]
[Black "chessmilano"]
[Result "0-1"]
[ICCResult "White resigns"]
[WhiteElo "1587"]
[BlackElo "1735"]
[Opening "French: Rubinstein variation"]
[ECO "C10"]
[NIC "FR.07"]
[Time "11:02:26"]
[TimeControl "4500+10"]

1. e4 e6 2. d4 d5 3. Nc3 dxe4 4. Nxe4 Nd7 5. Nf3 Ngf6 6. Nxf6+ Nxf6 7. Bd3
Bd6 8. h3 O-O 9. O-O h6 10. Ne5 c5 11. c3 cxd4 12. cxd4 Nd5 13. Be4 Qf6 14.
Re1 Rd8 15. Qb3 Bf8 16. Be3 b6 17. Rac1 Bb7 18. a3 Rac8 19. Rxc8 Rxc8 20.
Bd2 Qe7 21. Qg3 g6 22. h4 Bg7 23. h5 g5 24. f4 Nxf4 25. Bxb7 Qxb7 26. Bxf4
gxf4 27. Qxf4 Rc2 28. Qe4 Qxe4 29. Rxe4 Bxe5 30. dxe5 Rxb2 31. Kf1 Kg7 32.
Re2 Rxe2 33. Kxe2 f6 34. exf6+ Kxf6 35. Kf3 Kg5 36. g4 b5 {White resigns}
0-1

[Event "ICC tourney 2047 (75 10)"]
[Site "Internet Chess Club"]
[Date "2020.10.10"]
[Round "2"]
[White "Mozart1"]
[Black "Han366"]
[Result "1-0"]
[ICCResult "Black resigns"]
[WhiteElo "1850"]
[BlackElo "1690"]
[Opening "French: Winawer, advance, poisoned pawn, Konstantinopolsky variation"]
[ECO "C18"]
[NIC "FR.11"]
[Time "11:02:34"]
[TimeControl "4500+10"]

1. e4 e6 2. d4 d5 3. Nc3 Bb4 4. e5 c5 5. a3 Bxc3+ 6. bxc3 Ne7 7. Qg4 Qc7 8.
Qxg7 Rg8 9. Qxh7 cxd4 10. Ne2 Nbc6 11. f4 Bd7 12. Qd3 dxc3 13. Qxc3 O-O-O
14. Be3 Nf5 15. Bf2 Kb8 16. h3 Rc8 17. g4 Nfe7 18. Nd4 Nxd4 19. Qxd4 Qa5+
20. Qb4 Qc7 21. Bd3 Nc6 22. Qc5 Qa5+ 23. Ke2 Qxc5 24. Bxc5 Na5 25. Bb4 Nc4
26. g5 Rh8 27. h4 Rh5 28. Kf2 a5 29. Be7 Rch8 30. Bf6 Rc8 31. Be2 Rh7 32. h5
Ba4 33. Bd3 Rhh8 34. Bxh8 Rxh8 35. g6 fxg6 36. hxg6 Rg8 37. Bxc4 dxc4 38.
Rag1 Bxc2 39. g7 {Black resigns} 1-0

[Event "ICC tourney 2047 (75 10)"]
[Site "Internet Chess Club"]
[Date "2020.10.10"]
[Round "2"]
[White "mancogu"]
[Black "importantheart"]
[Result "1-0"]
[ICCResult "Black resigns"]
[WhiteElo "1585"]
[BlackElo "1666"]
[Opening "Ruy Lopez: exchange, Gligoric variation"]
[ECO "C69"]
[NIC "RL.08"]
[Time "11:02:30"]
[TimeControl "4500+10"]

1. e4 e5 2. Nf3 Nc6 3. Bb5 a6 4. Bxc6 dxc6 5. O-O f6 6. d3 Bd6 7. Be3 Ne7 8.
c3 O-O 9. Nbd2 Ng6 10. d4 b5 11. Qc2 f5 12. exf5 Bxf5 13. Qb3+ Kh8 14. Rad1
Bd3 15. Rfe1 e4 16. Ng5 Qe7 17. f3 exf3 18. Ngxf3 a5 19. Bg5 Qd7 20. Qe6
Qxe6 21. Rxe6 Bf5 22. Ree1 Nf4 23. Ne5 Nd3 24. Nxd3 Bxd3 25. Re3 Bg6 26.
Rde1 h6 27. Be7 Bxe7 28. Rxe7 Rae8 29. Rxe8 Rxe8 30. Rxe8+ Bxe8 31. Nb3 a4
32. Nc5 Bf7 33. b3 axb3 34. axb3 g5 35. Kf2 Bd5 36. g3 Kg7 37. b4 Kf6 38.
Na6 Kf5 39. Nxc7 Be4 40. Ke3 Bh1 41. d5 Ke5 42. dxc6 Bxc6 43. Na6 Bd5 44.
Nc5 Bc4 45. Ne4 g4 46. Nf2 h5 47. Nd3+ Kf5 48. Nf4 Bf7 49. Kd4 h4 50. Nd5
hxg3 51. hxg3 Be6 52. Ne3+ Kf6 53. c4 Bxc4 54. Nxc4 bxc4 55. Kxc4 Ke5 56. b5
Ke4 57. b6 Kf3 58. b7 Kxg3 59. b8=Q+ Kg2 60. Qb2+ Kh1 61. Qh8+ Kg2 62. Kd3
Kf2 63. Qh2+ Kf3 64. Qg1 g3 65. Kd2 g2 66. Ke1 Kg3 67. Ke2 {Black resigns}
1-0

[Event "ICC tourney 2047 (75 10)"]
[Site "Internet Chess Club"]
[Date "2020.10.10"]
[Round "2"]
[White "TheDude865"]
[Black "coolhappyfish"]
[Result "0-1"]
[ICCResult "White resigns"]
[WhiteElo "1315"]
[BlackElo "1621"]
[Opening "Ruy Lopez: closed, Breyer, Borisenko variation"]
[ECO "C95"]
[NIC "RL.25"]
[Time "11:02:25"]
[TimeControl "4500+10"]

1. e4 e5 2. Nf3 Nc6 3. Bb5 a6 4. Ba4 Nf6 5. O-O Be7 6. Re1 b5 7. Bb3 d6 8.
h3 O-O 9. c3 Nb8 10. d4 Nbd7 11. Nbd2 Bb7 12. Bc2 Re8 13. Nf1 Bf8 14. Ng3 g6
15. d5 c6 16. dxc6 Bxc6 17. b3 Qc7 18. Bb2 Rac8 19. Rc1 Red8 20. Qe2 Qb7 21.
Bb1 Nc5 22. b4 Na4 23. Ba1 h6 24. a3 Rc7 25. Nd2 Rdc8 26. Bc2 Nb6 27. Bb3
Bd7 28. Qe3 Be6 29. Bxe6 fxe6 30. Rc2 Nfd7 31. Rec1 Nc4 32. Nxc4 Rxc4 33. f3
Nb6 34. Nf1 Kh7 35. Nd2 R4c6 36. Qd3 Qc7 37. Kh1 Be7 38. Re1 Bg5 39. Nf1 Na4
40. Ng3 Nxc3 41. Bxc3 Rxc3 42. Rxc3 Qxc3 43. Qxc3 Rxc3 44. Ra1 Rc1+ 45. Rxc1
Bxc1 46. Kg1 Bxa3 47. Kf1 Bxb4 48. Ke2 Kg7 49. Kd3 Kf6 50. Ne2 a5 51. Kc2 d5
52. Nc1 d4 53. Nd3 Bd6 54. Kb3 a4+ 55. Kb2 b4 56. Ka2 g5 57. g4 Ke7 58. Kb2
Kd7 59. Kc2 Kc6 60. Kb2 Kb5 61. Kc2 b3+ 62. Kb2 Kc4 {White resigns} 0-1

[Event "ICC tourney 2047 (75 10)"]
[Site "Internet Chess Club"]
[Date "2020.10.10"]
[Round "2"]
[White "AkshatSuresh"]
[Black "chesslin"]
[Result "0-1"]
[ICCResult "White checkmated"]
[WhiteElo "1572"]
[BlackElo "1882"]
[Opening "Robatsch defense: Geller's system"]
[ECO "B06"]
[NIC "KF.05"]
[Time "11:02:26"]
[TimeControl "4500+10"]

1. e4 g6 2. d4 Bg7 3. Nf3 d6 4. c3 Nf6 5. Bd3 O-O 6. Nbd2 Nc6 7. O-O e5 8.
d5 Ne7 9. c4 Nd7 10. Nb3 f5 11. Bg5 a5 12. a4 h6 13. Bxe7 Qxe7 14. Qd2 b6
15. h3 Rf7 16. Rfe1 Qf6 17. Qe2 Nf8 18. Nbd2 Nh7 19. Nh2 Bd7 20. Bc2 Raf8
21. Ra3 Qd8 22. f3 Qg5 23. Qf2 Nf6 24. h4 Qh5 25. Re2 f4 26. g3 fxg3 27.
Qxg3 g5 28. hxg5 hxg5 29. Ndf1 Nh7 30. Ne3 Rf4 31. Ng2 Kf7 32. Nxf4 exf4 33.
Qe1 Bxb2 34. Ra2 Bd4+ 35. Kh1 Be5 36. Qf2 g4 37. fxg4 Bxg4 38. Rd2 Ng5 39.
Rd3 Rh8 40. Bb3 Nxe4 41. Qg2 f3 42. Qc2 Ng3+ 43. Kg1 Ne2+ 44. Kf1 Qxh2 45.
Ke1 Qg3+ 46. Kd2 Bf4+ 47. Re3 Bxe3+ 48. Kxe3 f2+ 49. Kd2 Qf4+ 50. Kd1 Rh1#
{White checkmated}
0-1

[Event "ICC tourney 2047 (75 10)"]
[Site "Internet Chess Club"]
[Date "2020.10.10"]
[Round "2"]
[White "Alexbander"]
[Black "atevifred"]
[Result "1-0"]
[ICCResult "Black resigns"]
[WhiteElo "1744"]
[BlackElo "1863"]
[Opening "English: Bremen system, Keres variation"]
[ECO "A23"]
[NIC "EO.12"]
[Time "11:02:22"]
[TimeControl "4500+10"]

1. c4 e5 2. Nc3 Nf6 3. g3 c6 4. Bg2 d6 5. Nf3 g6 6. d3 Bg7 7. O-O O-O 8. b4
Qc7 9. Bb2 Nbd7 10. Rc1 e4 11. dxe4 Nxe4 12. Nxe4 Bxb2 13. Rb1 Be5 14. Nxe5
dxe5 15. Qd6 Qxd6 16. Nxd6 Nb6 17. b5 cxb5 18. cxb5 Rb8 19. Rbc1 Bg4 20.
Nxb7 Bxe2 21. Rfe1 Bxb5 22. Rxe5 a6 23. Nd6 Ba4 24. Bc6 Bxc6 25. Rxc6 Nd7
26. Re7 Rb6 27. Rxb6 Nxb6 28. Ra7 Rd8 29. Nxf7 Rd7 30. Rxd7 Nxd7 31. Nd6 Kf8
32. f4 Ke7 33. Ne4 Ke6 34. Ng5+ Kf5 35. Nxh7 Nc5 36. Kf2 Ne4+ 37. Ke3 Nc3
38. a3 Nb5 39. a4 Nc3 40. a5 Ne4 41. g4+ Kxg4 42. Kxe4 Kh3 43. Nf8 Kxh2 44.
Nxg6 Kg3 45. f5 Kg4 46. f6 Kg5 47. f7 Kxg6 48. f8=Q {Black resigns} 1-0

[Event "ICC tourney 2047 (75 10)"]
[Site "Internet Chess Club"]
[Date "2020.10.10"]
[Round "2"]
[White "SK-2005"]
[Black "Theutltl"]
[Result "1-0"]
[ICCResult "Black resigns"]
[WhiteElo "1722"]
[BlackElo "1279"]
[Opening "Sicilian"]
[ECO "B50"]
[NIC "SI.01"]
[Time "11:02:41"]
[TimeControl "4500+10"]

1. e4 c5 2. Nf3 d6 3. c3 Nc6 4. d4 cxd4 5. cxd4 e6 6. Nc3 Nf6 7. Be3 Be7 8.
Bd3 a6 9. h3 b5 10. a3 Bb7 11. O-O O-O 12. Ne2 e5 13. d5 Nb8 14. Ng3 Nbd7
15. Nd2 Rc8 16. f4 Re8 17. Nf3 exf4 18. Bxf4 Nc5 19. Re1 Bf8 20. Bc2 Ncd7
21. Nd4 Ne5 22. Ndf5 Ng6 23. Bg5 h6 24. Bd2 Ne5 25. Rc1 Nc4 26. Bc3 Nd7 27.
Rf1 Nde5 28. Qd4 Qb6 29. Qxb6 Nxb6 30. Nh5 Rc7 31. Nxh6+ Kh7 32. Ng4 Nxg4
33. hxg4 Kg8 34. g5 Nc4 35. Bb1 Rec8 36. Rce1 Re7 37. Bd4 Nd2 38. Rf4 Rc4
39. Nf6+ gxf6 40. gxf6 Re8 41. Rg4+ Kh7 42. Kf2 Bh6 43. Be3 Nxe4+ 44. Kf3
Bxd5 45. Bxh6 Rg8 46. Rxg8 Kxg8 47. Bxe4 Bxe4+ 48. Rxe4 d5 49. Rxc4 dxc4 50.
Bd2 Kh7 51. Kf4 Kg6 52. Ke5 {Black resigns} 1-0

[Event "ICC tourney 2047 (75 10)"]
[Site "Internet Chess Club"]
[Date "2020.10.10"]
[Round "2"]
[White "subielife"]
[Black "jHanna"]
[Result "0-1"]
[ICCResult "White resigns"]
[WhiteElo "1499"]
[BlackElo "1831"]
[Opening "English: Caro-Kann defensive system"]
[ECO "A11"]
[NIC "EO.64"]
[Time "11:02:29"]
[TimeControl "4500+10"]

1. c4 c6 2. g3 d5 3. e3 Nf6 4. Nc3 Bf5 5. d4 e6 6. Qb3 Qc7 7. Nf3 Nbd7 8.
Rg1 dxc4 9. Bxc4 Nb6 10. Be2 Be7 11. Ne5 Ne4 12. Bd3 Nd6 13. Bxf5 Nxf5 14.
Bd2 O-O 15. Ne2 c5 16. Rc1 Nd7 17. Nxd7 Qxd7 18. Qd3 cxd4 19. e4 Nd6 20. g4
e5 21. Rc5 f6 22. Rd5 Qc6 23. Ng3 Nc4 24. Nf5 Rfe8 25. Bc1 Nb6 26. Bh6 Nxd5
27. exd5 Qxd5 28. Bxg7 Qxa2 29. Qh3 Rac8 30. Kf1 Rc1+ 31. Kg2 Qd5+ 32. f3
Rxg1+ 33. Kxg1 d3 34. Qh5 Bc5+ 35. Kg2 Re6 36. g5 fxg5 37. Nh6+ Rxh6 38.
Bxh6 Qf7 39. Qg4 Bf8 40. Bxg5 Qg6 41. Qc4+ Kg7 42. h4 h6 43. Qc7+ Kg8 44.
Qc4+ Kh7 45. Qc7+ Bg7 46. Qc1 hxg5 47. hxg5 Qd6 48. Qh1+ Kg8 49. Qd1 d2 50.
Qb3+ Kh8 51. Qd1 e4 52. f4 Qxf4 53. g6 Qf3+ 54. Qxf3 exf3+ {White resigns}
0-1

[Event "ICC tourney 2047 (75 10)"]
[Site "Internet Chess Club"]
[Date "2020.10.10"]
[Round "2"]
[White "nikhilthota"]
[Black "irisl"]
[Result "1-0"]
[ICCResult "Black checkmated"]
[WhiteElo "1756"]
[BlackElo "1369"]
[Opening "QGD Slav: 4.e3 Bf5"]
[ECO "D12"]
[NIC "QP.09"]
[Time "11:02:56"]
[TimeControl "4500+10"]

1. Nf3 d5 2. c4 c6 3. e3 Nf6 4. d4 Bf5 5. Nc3 e6 6. Qb3 Qb6 7. Nh4 Be4 8.
Qxb6 axb6 9. Nxe4 Nxe4 10. Bd3 Be7 11. Nf3 c5 12. b3 Nc6 13. Bb2 Nb4 14. Bb1
O-O 15. a3 Nc6 16. O-O Na5 17. Bc2 Nd6 18. dxc5 bxc5 19. cxd5 exd5 20. Rad1
c4 21. b4 Nc6 22. Rxd5 c3 23. Bxc3 Rxa3 24. Bd2 Nc4 25. Be4 Nxd2 26. Rxd2
Bxb4 27. Rb2 Rb8 28. Rfb1 Bc3 29. Rb3 Rxb3 30. Rxb3 Bb4 31. Nd4 Bd6 32. Bxc6
bxc6 33. Rxb8+ Bxb8 34. Nxc6 Bd6 35. f4 f5 36. h3 Kf7 37. Kf2 Bc5 38. g4 g6
39. Kf3 Ke6 40. Ne5 Kd5 41. Nf7 Be7 42. Ng5 h5 43. e4+ fxe4+ 44. Nxe4 hxg4+
45. hxg4 Bd8 46. Nd2 g5 47. f5 Ke5 48. Nc4+ Kf6 49. Ke4 Bc7 50. Ne3 Bb8 51.
Nd5+ Kf7 52. Kd4 Bd6 53. Kc4 Bh2 54. Kb5 Bg3 55. Kc6 Be5 56. Kd7 Bh2 57. Nc3
Be5 58. Ne4 Bf4 59. Nd6+ Kf6 60. Nc4 Bh2 61. Nb6 Bg1 62. Nd5+ Kf7 63. Nc3
Bh2 64. Nb5 Kf6 65. Nc7 Bg1 66. Ne6 Bh2 67. Ke8 Bd6 68. Nf8 Ke5 69. Ng6+ Kf6
70. Kd7 Bf4 71. Kc6 Bb8 72. Kd5 Bh2 73. Ke4 Bb8 74. Nf8 Kf7 75. Ne6 Kf6 76.
Nc5 Bh2 77. Nd7+ Ke7 78. Ne5 Bg3 79. Ng6+ Kf6 80. Kd4 Bh2 81. Nf8 Kf7 82.
Nd7 Bc7 83. Nc5 Bh2 84. Ne6 Kf6 85. Ke3 Ke5 86. Nc7 Bf4+ 87. Kf3 Bd2 88. Ne6
Kf6 89. Ke4 Bc1 90. Nc5 Bf4 91. Kd5 Bc1 92. Ne4+ Kf7 93. Kd6 Bf4+ 94. Kd7
Bc1 95. Nd6+ Kf6 96. Ne4+ Kf7 97. Nc5 Be3 98. Ne6 Bc1 99. Nd8+ Kf6 100. Ke8
Ba3 101. Ne6 Bb4 102. Nd4 Bc3 103. Nc6 Ba1 104. Kf8 Bb2 105. Kg8 Ba3 106.
Kh7 Bf8 107. Nd4 Ba3 108. Ne6 Be7 109. Kh6 Bd6 110. Kh5 Ba3 111. Nxg5 Bc1
112. Nh3 Bd2 113. Ng1 Bg5 114. Nf3 Bf4 115. Nd4 Be3 116. Ne6 Bd2 117. Nc7
Bc1 118. Nd5+ Ke5 119. Ne7 Kf6 120. Nc6 Bd2 121. Kh4 Bg5+ 122. Kg3 Bc1 123.
Nd4 Bh6 124. Kh4 Bg5+ 125. Kh3 Be3 126. Nf3 Bf4 127. Kg2 Bh6 128. Kf2 Ke7
129. Nh4 Bc1 130. Kg3 Bh6 131. Ng2 Bg5 132. Nf4 Kf6 133. Nd3 Bh6 134. Kf3
Bd2 135. Ke4 Kg5 136. Nf2 Bc1 137. Kf3 Kf6 138. Ne4+ Ke5 139. Nc5 Bh6 140.
Nd7+ Kd6 141. Nf6 Bc1 142. Ke4 Bd2 143. Nh5 Bg5 144. Nf4 Bf6 145. Ne6 Bh4
146. g5 Ke7 147. Ke5 Kf7 148. f6 Kg6 149. Nf4+ Kf7 150. g6+ Kg8 151. f7+ Kg7
152. Ne6+ Kxg6 153. f8=Q Bg3+ 154. Nf4+ Bxf4+ 155. Qxf4 Kg7 156. Ke6 Kg6
157. Qg4+ Kh7 158. Kf7 Kh8 159. Qg7# {Black checkmated} 1-0

[Event "ICC tourney 2047 (75 10)"]
[Site "Internet Chess Club"]
[Date "2020.10.10"]
[Round "2"]
[White "Mapking1"]
[Black "StevChess01"]
[Result "1-0"]
[ICCResult "Black resigns"]
[WhiteElo "1639"]
[BlackElo "1710"]
[Opening "Sicilian: O'Kelly variation"]
[ECO "B28"]
[NIC "SI.43"]
[Time "11:02:39"]
[TimeControl "4500+10"]

1. e4 c5 2. Nf3 a6 3. c4 e6 4. Nc3 Nc6 5. d4 cxd4 6. Nxd4 Qb6 7. Nxc6 dxc6
8. Bd3 e5 9. O-O Nf6 10. h3 Be6 11. b3 Be7 12. Bb2 Nd7 13. Bc2 f6 14. Qe2
O-O 15. Kh1 Qc7 16. Nd1 Rfd8 17. Ne3 Nf8 18. Nf5 Bxf5 19. exf5 Bb4 20. Rad1
Rxd1 21. Rxd1 Rd8 22. a3 Rxd1+ 23. Bxd1 Be7 24. c5 g6 25. b4 Kf7 26. Bb3+
Ke8 27. f4 Nd7 28. fxg6 hxg6 29. Qg4 Nf8 30. Qe2 Nd7 31. Be6 exf4 32. Bxd7+
Kxd7 33. Qg4+ Kd8 34. Qxg6 Kd7 35. Bxf6 Bxf6 36. Qxf6 Ke8 37. Qh8+ Kd7 38.
Qh7+ Kd8 39. Qxc7+ Kxc7 40. Kg1 Kd7 41. Kf2 Ke6 42. Kf3 Kf5 43. h4 Ke5 44.
h5 Kf5 45. h6 Kg6 46. Kxf4 Kxh6 47. Ke5 {Black resigns} 1-0

[Event "ICC tourney 2047 (75 10)"]
[Site "Internet Chess Club"]
[Date "2020.10.10"]
[Round "2"]
[White "WizardY"]
[Black "fasteagle1"]
[Result "1/2-1/2"]
[ICCResult "Game drawn because neither player has mating material"]
[WhiteElo "1454"]
[BlackElo "1747"]
[Opening "French: advance, Paulsen attack"]
[ECO "C02"]
[NIC "FR.03"]
[Time "11:02:36"]
[TimeControl "4500+10"]

1. e4 e6 2. d4 d5 3. e5 c5 4. c3 Nc6 5. Nf3 Qb6 6. Be2 Bd7 7. O-O cxd4 8.
cxd4 Nge7 9. Na3 Nf5 10. Nc2 Be7 11. a3 a5 12. Be3 Nxe3 13. fxe3 O-O 14. h3
Ra7 15. Qd2 a4 16. Rfc1 Na5 17. Nb4 Nb3 18. Qe1 Nxa1 19. Rxa1 Bxb4 20. axb4
Bb5 21. Bxb5 Qxb5 22. Rc1 b6 23. Qd2 a3 24. bxa3 Rxa3 25. Rc7 Ra4 26. Ng5
Qxb4 27. Qf2 Qb1+ 28. Kh2 Qf5 29. Qxf5 exf5 30. e6 fxe6 31. Nxe6 Rb8 32.
Nxg7 b5 33. Nxf5 b4 34. Ne7+ Kh8 35. Nxd5 Ra6 36. Nxb4 Rxb4 37. Kg3 Rg6+ 38.
Kf3 Rb2 39. g4 Rh6 40. Kg3 Rb3 41. Re7 Kg8 42. g5 Rd6 43. Kh4 Kf8 44. Re5
Kf7 45. d5 Rd3 46. e4 h6 47. Rf5+ Kg7 48. Kg4 hxg5 49. Rxg5+ Rg6 50. h4
Rxg5+ 51. Kxg5 Rd4 52. Kf5 Kf7 53. h5 Rd1 54. Kg5 Rg1+ 55. Kf5 Rf1+ 56. Kg5
Rf6 57. e5 Rf1 58. e6+ Ke7 59. h6 Rd1 60. h7 Rxd5+ 61. Kg6 Rd8 62. Kg7 Kxe6
63. h8=Q Rxh8 64. Kxh8 {Game drawn because neither player has mating
material} 1/2-1/2

[Event "ICC tourney 2047 (75 10)"]
[Site "Internet Chess Club"]
[Date "2020.10.10"]
[Round "2"]
[White "gardemarin13"]
[Black "davidtxie"]
[Result "1/2-1/2"]
[ICCResult "Game drawn by mutual agreement"]
[WhiteElo "1883"]
[BlackElo "1657"]
[Opening "French: Winawer, advance, Bogolyubov variation"]
[ECO "C17"]
[NIC "FR.10"]
[Time "11:02:32"]
[TimeControl "4500+10"]

1. e4 e6 2. d4 d5 3. Nc3 Bb4 4. e5 c5 5. Bd2 cxd4 6. Nb5 Bxd2+ 7. Qxd2 Nc6
8. f4 Qb6 9. O-O-O Nh6 10. Nd6+ Ke7 11. Nf3 Nf5 12. Nxf5+ exf5 13. Nxd4 Nxd4
14. Qxd4 Qxd4 15. Rxd4 Be6 16. Be2 Rhc8 17. Bf3 Rc5 18. Rhd1 Rac8 19. R1d2
Rc4 20. g3 Rxd4 21. Rxd4 a6 22. Bxd5 Rd8 23. c4 b5 24. b3 bxc4 25. bxc4 f6
26. exf6+ gxf6 27. Kc2 Bxd5 28. cxd5 h5 29. Kc3 h4 30. Kc4 Kd6 31. Rd2 hxg3
32. hxg3 Re8 33. Rd3 Re4+ 34. Kb3 a5 35. a3 a4+ 36. Kc3 Re8 37. Kb4 Ra8 38.
Kb5 Ra7 39. Rd4 Rg7 40. Kxa4 Rxg3 41. Kb4 Rg8 42. a4 Rb8+ 43. Kc3 Rc8+ 44.
Rc4 Ra8 45. Kd4 Ra5 46. Rc6+ Ke7 47. Re6+ Kf7 48. Re3 Rxa4+ 49. Kc5 Rxf4 50.
d6 Re4 51. Rd3 Ke8 52. Kc6 f4 53. Ra3 Rc4+ 54. Kd5 Rb4 55. Ke6 Re4+ 56. Kxf6
Re3 57. Ra2 f3 58. Rf2 Kd7 59. Kf5 Kxd6 60. Kf4 {Game drawn by mutual
agreement} 1/2-1/2

[Event "ICC tourney 2047 (75 10)"]
[Site "Internet Chess Club"]
[Date "2020.10.10"]
[Round "3"]
[White "Cgchess"]
[Black "joeandjoe56"]
[Result "0-1"]
[ICCResult "White resigns"]
[WhiteElo "1317"]
[BlackElo "1771"]
[Opening "Ruy Lopez: exchange, Bronstein variation"]
[ECO "C68"]
[NIC "RL.08"]
[Time "14:46:50"]
[TimeControl "4500+10"]

1. e4 e5 2. Nf3 Nc6 3. Bb5 a6 4. Bxc6 dxc6 5. O-O Qd6 6. d4 exd4 7. Qxd4 Bd7
8. Qxd6 Bxd6 9. Nc3 f6 10. Bd2 Ne7 11. Rfe1 Ng6 12. h3 O-O-O 13. Nd4 Ne5 14.
b3 Bc5 15. Nf5 {White resigns} 0-1

[Event "ICC tourney 2047 (75 10)"]
[Site "Internet Chess Club"]
[Date "2020.10.10"]
[Round "3"]
[White "importantheart"]
[Black "kirikiri007"]
[Result "1-0"]
[ICCResult "Black resigns"]
[WhiteElo "1731"]
[BlackElo "1562"]
[Opening "Giuoco Piano"]
[ECO "C50"]
[NIC "IG.02"]
[Time "14:47:48"]
[TimeControl "4500+10"]

1. e4 e5 2. Nf3 Nc6 3. Bc4 Bc5 4. O-O d6 5. c3 Nf6 6. d3 h6 7. Re1 O-O 8.
Nbd2 Be6 9. Bb5 Qd7 10. d4 exd4 11. cxd4 Bxd4 12. Nxd4 d5 13. exd5 Nxd5 14.
Nxe6 fxe6 15. Qg4 Qf7 16. Qxe6 Qxe6 17. Rxe6 Nd4 18. Re5 Nxb5 19. Rxd5 Rae8
20. Nf3 c6 21. Re5 Rxe5 22. Nxe5 Re8 23. f4 Nd4 24. Bd2 g5 25. Re1 Rd8 26.
fxg5 Nc2 27. Re2 hxg5 28. Bxg5 Rd1+ 29. Kf2 Nd4 30. Re1 Rxe1 31. Kxe1
{Black resigns}
1-0

[Event "ICC tourney 2047 (75 10)"]
[Site "Internet Chess Club"]
[Date "2020.10.10"]
[Round "3"]
[White "yogokings12"]
[Black "Priccchess"]
[Result "1/2-1/2"]
[ICCResult "Game drawn by mutual agreement"]
[WhiteElo "1691"]
[BlackElo "1767"]
[Opening "King's gambit"]
[ECO "C30"]
[NIC "KG.05"]
[Time "14:47:03"]
[TimeControl "4500+10"]

1. e4 e5 2. f4 d6 3. Nf3 Nc6 4. Nc3 Nf6 5. Bb5 Bg4 6. d3 Be7 7. fxe5 dxe5 8.
Bxc6+ bxc6 9. Be3 O-O 10. O-O h6 11. h3 Bxf3 12. Qxf3 Nd7 13. Na4 Bg5 14. b3
a6 15. Nb2 Nb6 16. Kh1 Bxe3 17. Qxe3 Qd6 18. a4 a5 19. Nd1 Nd7 20. Nb2 Nb6
21. Rad1 Rad8 22. Qe2 Qe6 23. Nc4 Nxc4 24. dxc4 Qe7 25. Rxd8 Rxd8 26. Rd1
Rd4 27. Rxd4 exd4 28. Kg1 Qb4 29. Kf2 Qc3 30. Qd3 Qxd3 31. cxd3 c5 32. Kf3
f6 33. Kf4 Kf7 34. g4 Ke6 35. h4 g5+ 36. Kg3 Ke5 37. hxg5 hxg5 38. Kf3 Ke6
39. Kg3 Ke5 40. Kf3 Ke6 41. Kg3 {Game drawn by mutual agreement} 1/2-1/2

[Event "ICC tourney 2047 (75 10)"]
[Site "Internet Chess Club"]
[Date "2020.10.10"]
[Round "3"]
[White "alexsaidfeghhi"]
[Black "SK-2005"]
[Result "1-0"]
[ICCResult "Black resigns"]
[WhiteElo "1877"]
[BlackElo "1708"]
[Opening "Scotch: Mieses variation"]
[ECO "C45"]
[NIC "SO.04"]
[Time "14:46:57"]
[TimeControl "4500+10"]

1. e4 e5 2. Nf3 Nc6 3. d4 exd4 4. Nxd4 Nf6 5. Nxc6 bxc6 6. e5 Nd5 7. c4 Nb6
8. Bd3 Bc5 9. O-O Ba6 10. Qg4 g6 11. Bh6 Rg8 12. Nc3 Qe7 13. Ne4 Bd4 14.
Nf6+ Kd8 15. Nxg8 Qc5 16. b4 {Black resigns} 1-0

[Event "ICC tourney 2047 (75 10)"]
[Site "Internet Chess Club"]
[Date "2020.10.10"]
[Round "3"]
[White "CRonaldo"]
[Black "Chess121"]
[Result "0-1"]
[ICCResult "White checkmated"]
[WhiteElo "1636"]
[BlackElo "1525"]
[Opening "French: Steinitz, Boleslavsky variation"]
[ECO "C11"]
[NIC "FR.04"]
[Time "14:46:56"]
[TimeControl "4500+10"]

1. e4 e6 2. d4 d5 3. Nc3 Nf6 4. e5 Nfd7 5. f4 c5 6. Nf3 Nc6 7. Be3 cxd4 8.
Nxd4 Nxd4 9. Bxd4 Bc5 10. Bxc5 Nxc5 11. Qd4 Qb6 12. Nb5 O-O 13. Nd6 Nd7 14.
Qxb6 Nxb6 15. Bd3 Rb8 16. O-O-O Bd7 17. g4 Nc8 18. Nxc8 Rfxc8 19. h4 Rc5 20.
h5 Bb5 21. g5 Bxd3 22. Rxd3 Rbc8 23. c3 Rc4 24. Rf1 b5 25. a3 d4 26. Kc2
dxc3 27. Rxc3 Rxc3+ 28. bxc3 Kf8 29. Kb3 Ke7 30. Rd1 Rc4 31. Rf1 a6 32. Rf3
Re4 33. h6 g6 34. Rf1 Kd7 35. Rd1+ Kc7 36. Rd4 Rxd4 37. cxd4 a5 38. Kc3 Kc6
39. Kd3 Kd5 40. Ke3 Kc4 41. Ke4 b4 42. axb4 axb4 43. d5 exd5+ 44. Kf3 b3 45.
e6 fxe6 46. f5 exf5 47. Kf4 b2 48. Ke5 b1=Q 49. Kf6 Qb2+ 50. Kf7 Qh8 51. Ke7
Qg8 52. Kf6 d4 53. Ke7 d3 54. Kf6 d2 55. Ke7 d1=Q 56. Kf6 Qdd8+ 57. Ke5
Qge8+ 58. Kf4 Qd4+ 59. Kf3 Qee3+ 60. Kg2 Qdd2+ 61. Kf1 Qee1# {White
checkmated} 0-1

[Event "ICC tourney 2047 (75 10)"]
[Site "Internet Chess Club"]
[Date "2020.10.10"]
[Round "3"]
[White "wahoo"]
[Black "BillietheKid"]
[Result "1-0"]
[ICCResult "Black resigns"]
[WhiteElo "1770"]
[BlackElo "1464"]
[Opening "Sicilian: Nimzovich-Rubinstein variation"]
[ECO "B29"]
[NIC "SI.43"]
[Time "14:47:48"]
[TimeControl "4500+10"]

1. e4 c5 2. Nf3 Nf6 3. d3 Nc6 4. Nc3 d6 5. Be3 Bg4 6. Be2 e6 7. Qd2 Be7 8.
h3 Bh5 9. O-O O-O 10. Rad1 a6 11. a4 Rb8 12. d4 cxd4 13. Nxd4 Nxd4 14. Bxd4
Bxe2 15. Qxe2 Qc7 16. e5 dxe5 17. Bxe5 Qb6 18. Bxb8 {Black resigns} 1-0

[Event "ICC tourney 2047 (75 10)"]
[Site "Internet Chess Club"]
[Date "2020.10.10"]
[Round "3"]
[White "MacAndSneeze"]
[Black "avats"]
[Result "1-0"]
[ICCResult "Black resigns"]
[WhiteElo "1643"]
[BlackElo "1599"]
[Opening "French: Rubinstein variation"]
[ECO "C10"]
[NIC "FR.07"]
[Time "14:46:55"]
[TimeControl "4500+10"]

1. e4 e6 2. d4 d5 3. Nc3 dxe4 4. Nxe4 Nd7 5. Nf3 Ngf6 6. Ng3 Be7 7. c3 Nb6
8. Bd3 c6 9. Qc2 O-O 10. Bg5 h6 11. Bd2 Qc7 12. Qc1 Nbd5 13. a3 Bd7 14. c4
Nb6 15. Bxh6 gxh6 16. Qxh6 Na4 17. b4 Qd8 18. Nh5 {Black resigns} 1-0

[Event "ICC tourney 2047 (75 10)"]
[Site "Internet Chess Club"]
[Date "2020.10.10"]
[Round "3"]
[White "chessmilano"]
[Black "Mozart1"]
[Result "1-0"]
[ICCResult "Black checkmated"]
[WhiteElo "1746"]
[BlackElo "1819"]
[Opening "Queen's pawn, Mason variation"]
[ECO "D00"]
[NIC "QP.08"]
[Time "14:46:59"]
[TimeControl "4500+10"]

1. d4 d5 2. Bf4 Nf6 3. e3 e6 4. Nf3 c5 5. c3 Bd6 6. Bg3 Nc6 7. Nbd2 O-O 8.
Bb5 a6 9. Bxc6 bxc6 10. Qa4 Bxg3 11. hxg3 Qb6 12. Qc2 a5 13. g4 g6 14. g5
Ne4 15. Nxe4 dxe4 16. Nd2 cxd4 17. Nxe4 Kg7 18. exd4 e5 19. Nf6 Rh8 20. dxe5
Qc5 21. Qe4 Bf5 22. Qd4 Qb5 23. e6 Kf8 24. Nd7+ Ke7 25. Qf6+ Kd6 26. O-O-O+
Kc7 27. Qxf7 Qe2 28. Nc5+ Kb6 29. Qb7+ Kxc5 30. b4+ Kc4 31. Qxc6#
{Black checkmated}
1-0